 Dungeon Crawl Stone Soup version 0.29-a0-542-g075992c915 (webtiles) character file.

Game seed: 13786742136526943694

3377 oldmanjim the Magician (level 9, -3/74 HPs)
             Began as a Pale Draconian Ice Elementalist on June 4, 2022.
             Was a Follower of Vehumet.
             Slain by a wolf spider zombie (13 damage)
             ... on level 8 of the Dungeon.
             The game lasted 00:50:10 (8510 turns).

oldmanjim the Magician (DrIE)                       Turns: 8510, Time: 00:50:10

Health: -3/74      AC: 15    Str: 11    XL:     9   Next: 74%
Magic:  7/19       EV: 14    Int: 28    God:    Vehumet [*.....]
Gold:   396        SH:  0    Dex: 17    Spells: 11/22 levels left

rFire   . . .      SeeInvis .   a - +7 spear of the Hurting Dragonfly {freeze, rC- rN+ Int+8}
rCold   x . .      Faith    .   (no shield)
rNeg    + . .      Spirit   .   (body armour unavailable)
rPois   .          Reflect  .   (helmet restricted)
rElec   .          Harm     .   x - +2 cloak
rCorr   .          Rampage  .   (no gloves)
Will    .....                   C - +0 pair of boots
Stlth   ++........              (no amulet)
HPRegen 0.22/turn               r - +4 ring of protection
MPRegen 0.16/turn               B - +6 ring of dexterity

@: no status effects
A: breathe steam, AC +7, unfitting armour, cold-blooded, steam resistance
a: Breathe Steam, Renounce Religion


You were on level 8 of the Dungeon.
You worshipped Vehumet.
Vehumet was aware of your devotion.
You visited 2 branches of the dungeon, and saw 9 of its levels.

You collected 396 gold pieces.

Inventory:

Hand Weapons
 a - the +7 spear of the Hurting Dragonfly (weapon) {freeze, rC- rN+ Int+8}
   (You found it on level 2 of the Dungeon)

   It freezes those it strikes, dealing additional cold damage.
   It can also slow down cold-blooded creatures.
   Int:       It affects your intelligence (+8).
   rC:        It makes you vulnerable to cold.
   rN:        It protects you from negative energy.
 b - a +1 triple crossbow of venom
 i - a +1 dagger of venom
Missiles
 d - 247 stones
 y - 13 poisoned darts (quivered)
 L - 6 javelins
 M - a throwing net
 N - 6 atropa-tipped darts
Armour
 x - a +2 cloak (worn)
 A - a scarf of invisibility
 C - a +0 pair of boots (worn)
Magical Staves
 c - a staff of conjuration
Jewellery
 r - a +4 ring of protection (left hand)
 v - an amulet of guardian spirit
 B - a +6 ring of dexterity (right hand)
 E - a ring of positive energy
Wands
 F - a wand of paralysis (5)
 O - a wand of charming (8)
Scrolls
 e - a scroll of brand weapon
 g - a scroll of fear
 k - 3 scrolls of immolation
 l - a scroll of poison {unknown}
 m - 3 scrolls of enchant armour
 n - 2 scrolls of amnesia
 t - a scroll of noise {unknown}
 w - a scroll of teleportation
 J - a scroll of enchant weapon
 K - 2 scrolls of vulnerability {unknown}
Potions
 f - 3 potions of resistance
 h - 3 potions of might
 j - 3 potions of mutation
 o - a potion of cancellation
 p - a potion of flight {unknown}
 q - a potion of magic
 s - 7 potions of curing
 u - 2 potions of heal wounds
 z - 2 potions of degeneration {unknown}
 D - a potion of lignification
 G - a potion of haste {unknown}
 H - 3 potions of berserk rage
 I - a potion of ambrosia {unknown}


   Skills:
 + Level 5.5 Fighting
 - Level 5.0 Polearms
 - Level 4.0 Dodging
 - Level 2.0 Stealth
 + Level 7.2 Spellcasting
 + Level 5.4 Conjurations
 - Level 5.0 Ice Magic
 - Level 5.0 Evocations


You had 11 spell levels left.
You knew the following spells:

 Your Spells              Type           Power      Damage    Failure   Level
a - Freeze                Ice            100%       1d11      1%          1
b - Frozen Ramparts       Ice            76%        1d9       1%          3
c - Ozocubu's Armour      Ice            38%        N/A       1%          3
d - Hailstorm             Conj/Ice       39%        3d9       6%          4

Your spell library contained the following spells:

 Spells                   Type           Power      Damage    Failure   Level
 Magic Dart               Conj           100%       1d8       1%          1
 Shock                    Conj/Air       100%       1d9       1%          1
 Portal Projectile        Hex/Tloc       20%        N/A       16%         3
 Swiftness                Air            10%        N/A       16%         3
 Tukima's Dance           Hex            10%        N/A       16%         3
 Iskenderun's Battlesphe  Conj           40%        2d9       16%         5
 Airstrike                Air            5%         N/A       47%         4
 Blade Hands              Tmut           5%         N/A       83%         5
 Iron Shot                Conj/Erth      12%        9d3       95%         6
 Spellforged Servitor     Conj/Summ      12%        N/A       100%        7


Dungeon Overview and Level Annotations

Branches:
Dungeon (8/15)             Temple (1/1) D:6
   Lair: D:8-11

Altars:
Ashenzari
Cheibriados
Dithmenos
Elyvilon
Fedhas
Gozag
Hepliaklqana
Kikubaaqudgha
Makhleb
Nemelex Xobeh
Okawaru
Qazlal
Ru
Sif Muna
Trog
Uskayaw
Vehumet
Wu Jian
Xom
Yredelemnul
Zin
The Shining One

Shops:
D:1 *   D:6 *


Innate Abilities, Weirdness & Mutations

You can breathe blasts of scalding, opaque steam.
Your pale cyan-grey scales are hard. (AC +7)
You cannot fit into any form of body armour.
You are cold-blooded and may be slowed by cold attacks.
You are immune to the effects of steam.


Message History

The wall freezes the centaur warrior zombie.
The wolf spider zombie completely resists.
The wall freezes the wolf spider zombie but does no damage.
The wolf spider zombie barely misses you.
The wolf spider zombie bites you but does no damage.
The centaur warrior zombie resists.
The wall freezes the centaur warrior zombie.
The centaur warrior zombie completely resists.
The wall freezes the centaur warrior zombie but does no damage.
The wolf spider zombie resists.
The wall freezes the wolf spider zombie.
The wolf spider zombie hits you but does no damage.
The wolf spider zombie bites you.
* * * LOW HITPOINT WARNING * * *
Your frozen ramparts will break if you move.
Continue?
Uppercase [Y]es or [N]o only, please.
Your frozen ramparts will break if you move.
Continue?
The frozen ramparts melt away as you move.
Things that are here:
a +0 short sword; a kobold corpse The wolf spider zombie attacks as you move away!
The wolf spider zombie barely misses you.
The wolf spider zombie closely misses you. x3
The wolf spider zombie attacks as you move away!
The wolf spider zombie hits you but does no damage.
The wolf spider zombie bites you.
* * * LOW HITPOINT WARNING * * *
Things that are here:
a +2 scimitar of flaming; +0 swamp dragon scales The wolf spider zombie attacks as you move away!
The wolf spider zombie misses you.
The wolf spider zombie barely misses you.
There is an open door here.
The wolf spider zombie barely misses you.
The wolf spider zombie misses you.
The wolf spider zombie attacks as you move away!
The wolf spider zombie closely misses you.
The wolf spider zombie bites you but does no damage.
The wolf spider zombie hits you!
You die...

#...#.# #...
###.#.# ###'
#.#.# #. #.#.#
#. #.#.# ##
... #.#.# Z...
#.#+######
885.#'#
#........#
.......
#@.......#
.....
##Z.......#
.5.
#.ZZ......#
#'##.........#
#..#.....#####
##Z##'#'##
#ZZ#)#.#
##.#.#.#
#.#)#.#


You could see a wolf spider zombie and 2 centaur warrior zombies.

Vanquished Creatures
  A two-headed ogre (D:6)
  Maggie (D:8)
  Menkaure (D:6)
  An acid dragon (D:8)
  3 water moccasins (D:6)
  An orc warrior (D:7)
  A sky beast (D:7)
  4 black bears
  2 ice beasts
  An ogre (D:5)
  2 centaurs
  A kobold brigand (D:8)
  3 bullfrogs (D:8)
  A gnoll sergeant (D:8)
  A necrophage (D:5)
  3 scorpions (D:6)
  A howler monkey (D:6)
  A hound (D:4)
  A jelly (D:6)
  2 orc priests (D:4)
  An iguana (D:6)
  An orc wizard (D:6)
  10 adders
  4 gnolls (D:8)
  A shadow imp (D:8)
  An ufetubus (D:3)
  2 worms
  2 dart slugs
  17 orcs
  3 bats
  6 endoplasms
  5 giant cockroaches
  2 goblins (D:1)
  2 hobgoblins
  3 jackals (D:1)
  2 quokkas
  8 ball pythons
  4 frilled lizards
  11 kobolds
  9 rats
126 creatures vanquished.

Vanquished Creatures (others)
  10 plants (D:3)
  2 withered plants (D:8)
12 creatures vanquished.

Grand Total: 138 creatures vanquished

Notes
Turn   | Place    | Note
-------+----------+-------------------------------------------
     0 | D:1      | oldmanjim the Draconian Ice Elementalist began the quest
                  | for the Orb.
     0 | D:1      | Reached XP level 1. HP: 14/14 MP: 3/3
   549 | D:1      | Reached XP level 2. HP: 20/20 MP: 3/5
   825 | D:1      | Found Nyilaaq's General Store.
  1359 | D:1      | Found a faded altar of an unknown god.
  1601 | D:1      | Found a glowing golden altar of the Shining One.
  1723 | D:2      | Identified the +7 spear of the Hurting Dragonfly {freeze,
                  | rC- rN+ Int+8}
  1792 | D:2      | Reached XP level 3. HP: 26/26 MP: 6/6
  1796 | D:2      | Learned a level 3 spell: Frozen Ramparts
  1803 | D:2      | Learned a level 3 spell: Ozocubu's Armour
  2485 | D:3      | Reached skill level 3 in Spellcasting
  2485 | D:3      | Reached XP level 4. HP: 33/33 MP: 8/8
  2803 | D:3      | Noticed a centaur
  2879 | D:3      | Killed a centaur
  2880 | D:3      | Reached skill level 1 in Fighting
  2880 | D:3      | Reached skill level 5 in Ice Magic
  2880 | D:3      | Reached XP level 5. HP: 38/41 MP: 5/10
  3469 | D:3      | Reached skill level 4 in Spellcasting
  3760 | D:4      | Reached skill level 1 in Conjurations
  3760 | D:4      | Reached skill level 1 in Evocations
  3765 | D:4      | Reached XP level 6. HP: 12/48 MP: 12/12
  4258 | D:5      | Entered Level 5 of the Dungeon
  4275 | D:5      | Your scales start taking on a pale cyan-grey colour.
  4275 | D:5      | Reached XP level 7. HP: 52/55 MP: 5/14
  4275 | D:5      | Gained mutation: You are immune to the effects of steam.
                  | [Pale Draconian growth]
  4456 | D:5      | Found a glowing silver altar of Zin.
  4879 | D:6      | Noticed a two-headed ogre
  4891 | D:6      | Killed a two-headed ogre
  4892 | D:6      | Reached skill level 5 in Spellcasting
  4892 | D:6      | Reached XP level 8. HP: 23/66 MP: 9/15
  4897 | D:6      | Learned a level 4 spell: Hailstorm
  4902 | D:6      | Reached skill level 5 in Evocations
  5096 | D:6      | Found a staircase to the Ecumenical Temple.
  5102 | Temple   | Entered the Ecumenical Temple
  5667 | Temple   | Became a worshipper of Vehumet
  6025 | D:6      | Found Ypruuloh's Serpentskin Sales.
  6037 | D:6      | Reached skill level 5 in Fighting
  6037 | D:6      | Reached skill level 5 in Conjurations
  6244 | D:6      | Reached skill level 6 in Spellcasting
  6315 | D:6      | Reached skill level 1 in Polearms
  6432 | D:6      | Reached XP level 9. HP: 74/74 MP: 10/18
  6966 | D:6      | Noticed Menkaure
  6978 | D:6      | Killed Menkaure
  8039 | D:8      | Reached skill level 7 in Spellcasting
  8329 | D:8      | Noticed Maggie
  8334 | D:8      | Reached skill level 5 in Polearms
  8341 | D:8      | Killed Maggie
  8492 | D:8      | Reached * piety under Vehumet
  8492 | D:8      | Offered knowledge of Magic Dart by Vehumet.
  8510 | D:8      | Slain by a wolf spider zombie

Illustrated notes

Levels and vault maps discovered:
D:1:      dpeg_arrival_water_altar, layout_basic,
          dilly_ecumenical_altar_fadedgnrine, serial_shops, shop_fountains,
          minivault_23
D:2:      layout_basic
D:3:      layout_loops_ring, serial_bayou, serial_bayou_crossing,
          serial_bayou_lake_a, serial_bayou_shore_b, serial_bayou_shore_b,
          minmay_liquid_box, corexii_hall_statues_deadend,
          minmay_randomly_rotated_circles
D:4:      layout_rooms
D:5:      layout_rooms, old_standard_altar, serial_glass, glass_columns_c,
          glass_columns_c
D:6:      layout_layer_cave, minmay_temple_entry_wispy, guppyfry_shop_venom,
          uniq_menkaure
D:7:      layout_gridville
D:8:      cheibrodos_grave_circle, layout_basic, chequers_serial_rivers_large_b,
          uniq_maggie
Temple:   mainiacjoe_temple_starburst

Skill      XL: |  1  2  3  4  5  6  7  8  9 |
---------------+----------------------------+-----
Stealth        | 2 |  2.0
Dodging        | 2 3 4 |  4.0
Spellcasting   | 3 4 5 6 7 |  7.2
Fighting       | 1 2 4 5 |  5.5
Ice Magic      | 5 |  5.0
Conjurations   | 1 2 4 5 |  5.4
Evocations     | 1 2 4 5 |  5.0
Polearms       | 1 5 |  5.0

Action                   |  1- 3 |  4- 6 |  7- 9 || total
-------------------------+-------+-------+-------++-------
Melee: Dagger            |    18 |       |       ||    18
       Spear             |    30 |    79 |   115 ||   224
       Tailslap          |     1 |     6 |    17 ||    24
       Punch             |       |     1 |       ||     1
 Fire: Triple crossbow   |       |     2 |    11 ||    13
Throw: Stone             |       |     5 |       ||     5
       Dart              |       |       |     6 ||     6
 Cast: Freeze            |    15 |       |     2 ||    17
       Frozen Ramparts   |       |     5 |    27 ||    32
       Ozocubu's Armour  |       |     1 |     5 ||     6
       Hailstorm         |       |       |     6 ||     6
 Abil: Breathe Steam     |       |       |     2 ||     2
  Use: Scroll            |     4 |     6 |     7 ||    17
 Stab: Sleeping          |     6 |     4 |     2 ||    12
Armor: Skin              |    15 |    27 |    65 ||   107
Dodge: Dodged            |    34 |    46 |    69 ||   149

Table legend: (Time is in decaauts)
 A = Elapsed time spent in this place.
 B = Non-inter-level travel time spent in this place.
 C = Inter-level travel time spent in this place.
 D = Time resting spent in this place.
 E = Time spent auto-exploring this place.
 F = Levels seen in this place.
 G = Mean time per level.
                   A        B        C        D        E       F      G
               +--------+--------+--------+--------+--------+-----+--------+
         Total |   8597 |   8300 |    297 |    106 |   7126 |   9 |  955.2 |
       Dungeon |   7977 |   7748 |    229 |    106 |   6618 |   8 |  997.1 |
        Temple |    619 |    551 |     68 |      0 |    508 |   1 |  619.0 |
               +--------+--------+--------+--------+--------+-----+--------+

Top non-repeatable levels by time:
     D:6: 2027 daAuts
     D:1: 1653 daAuts
     D:3: 1158 daAuts
     D:2: 803 daAuts
     D:4: 699 daAuts
     D:7: 650 daAuts
  Temple: 619 daAuts
     D:8: 505 daAuts
     D:5: 480 daAuts
